 Dungeon Crawl Stone Soup version 0.28-a0-1382-g92835e5c71 (webtiles) character file.

Game seed: 8341315061411585643

1077 fragbeetle the Cudgeller (level 8, -1/78 HPs)
             Began as a Troll Berserker on Jan 1, 2022.
             Was a Priest of Trog.
             Killed from afar by an electric eel (11 damage)
             ... with a bolt of electricity
             ... on level 6 of the Dungeon.
             The game lasted 00:17:24 (4557 turns).

fragbeetle the Cudgeller (Troll Berserker)          Turns: 4557, Time: 00:17:25

Health: -1/78      AC: 11    Str: 26    XL:     8   Next: 8%
Magic:  7/7        EV: 10    Int:  5    God:    Trog [***...]
Gold:   185        SH:  0    Dex:  9    Spells: 7/7 levels left

rFire   . . .      SeeInvis .   y - +2 hand axe (vamp)
rCold   . . .      Faith    .   (no shield)
rNeg    . . .      Spirit   .   b - +0 animal skin
rPois   .          Reflect  .   (helmet restricted)
rElec   .          Harm     .   u - +2 cloak
rCorr   .          Rampage  .   (gloves unavailable)
Will    ++...                   (boots unavailable)
Stlth   +.........              (no amulet)
HPRegen 1.03/turn               r - ring of Epsicsos {Will++ AC+4}
MPRegen 0.10/turn               s - +4 ring of slaying

@: no status effects
A: large, unfitting armour, claws 3, regeneration 1, shaggy fur 1, tough skin 1
a: Renounce Religion, Berserk, Trog's Hand


You were on level 6 of the Dungeon.
You worshipped Trog.
Trog was most pleased with you.
You visited 2 branches of the dungeon, and saw 7 of its levels.

You collected 237 gold pieces.
You spent 52 gold pieces at shops.

Inventory:

Hand Weapons
 d - a +0 flail
 y - a +2 vampiric hand axe (weapon)
Missiles
 a - a throwing net
 c - 104 stones
 e - 7 poisoned darts
 h - 10 boomerangs (quivered)
 m - 6 datura-tipped darts
 B - 2 javelins
Armour
 b - a +0 animal skin (worn)
 f - an orb of mayhem
 u - a +2 cloak (worn)
Jewellery
 r - the ring of Epsicsos (left claw) {Will++ AC+4}
   (You found it on level 3 of the Dungeon)

   [ring of protection]

   AC:        It affects your AC (+4).
   Will:      It greatly increases your willpower.
 s - a +4 ring of slaying (right claw)
Wands
 n - a wand of acid (2)
 x - a wand of flame (8)
Scrolls
 i - 4 scrolls of teleportation
 k - a scroll of fear {unknown}
 o - a scroll of enchant armour {unknown}
 t - 2 scrolls of amnesia {unknown}
 v - a scroll of silence {unknown}
Potions
 g - a potion of invisibility
 j - 2 potions of lignification {unknown}
 l - a potion of heal wounds
 p - a potion of attraction {unknown}
 q - a potion of brilliance {unknown}
 w - a potion of curing
 z - a potion of flight {unknown}
 A - a potion of might {unknown}


   Skills:
 + Level 4.2 Fighting
 + Level 0.0(3.3) Axes
 + Level 6.1 Maces & Flails
 - Level 2.6 Throwing
 + Level 4.2 Dodging
 + Level 1.6 Evocations


You had 7 spell levels left.
You didn't know any spells.
Your spell library contained the following spells:

 Spells                   Type           Power      Damage    Failure   Level
 Passwall                 Tmut/Erth      0%         N/A       63%         2
 Swiftness                Air            0%         N/A       85%         3


Dungeon Overview and Level Annotations

Branches:
Dungeon (6/15)             Temple (1/1) D:5

Altars:
Gozag
Kikubaaqudgha
Okawaru
Sif Muna
Uskayaw

Shops:
D:1 *

Annotations:
D:3 1 runed translucent door, ASSMAN's ghost, weakling DEDe


Innate Abilities, Weirdness & Mutations

You are too large for most types of armour.
You have claws for hands.
Your natural rate of healing is unusually fast.
You are covered in fur. (AC +1)
You have tough skin. (AC +1)


Message History

Trog accepts your kill.
h - 8 boomerangs (gained 2)
Items here: ( )) †.
y - a +2 vampiric hand axe;
B - 2 javelins
h - 10 boomerangs (gained 2)
Items here: )) [[ ††.
Okay, then.
You feel a sense of dread.
y - a +2 vampiric hand axe (weapon)
Found 11 stones.
c - 104 stones (gained 11)
Found a scale mail.
An electric eel comes into view.
The electric eel shoots out a bolt of lightning at you!
The bolt of electricity hits you!
An electric eel comes into view.
Found a dagger.
The electric eel shoots out a bolt of lightning at you!
The bolt of electricity hits you.
The electric eel shoots out a bolt of lightning at you!
The bolt of electricity hits the electric eel.
The electric eel completely resists.
The bolt of electricity misses you. The bolt of electricity hits you!
The electric eel shoots out a bolt of lightning at you!
The bolt of electricity hits you!
You closely miss the electric eel.
The electric eel shoots out a bolt of lightning at you!
The bolt of electricity hits the electric eel.
The electric eel completely resists.
The bolt of electricity hits you! x2
The electric eel shoots out a bolt of lightning at you!
The bolt of electricity hits you!
* * * LOW HITPOINT WARNING * * *
The electric eel shoots out a bolt of lightning at you!
The bolt of electricity hits you!
* * * LOW HITPOINT WARNING * * *
The bolt of electricity hits you.
* * * LOW HITPOINT WARNING * * *
The electric eel shoots out a bolt of lightning at you!
The bolt of electricity hits you!
You die...

....# #...####
##### ##..# #.# #
#..#####.# #
#........# #
#........#
##..##.....
####.#.##.##.#
............#.#
....##≈≈....#@#
..###≈≈##≈...[# .
≈≈≈≈#≈≈#....#
#≈≈≈≈≈≈##.#.#
#≈≈#≈≈≈#≈S...#
#≈≈≈≈≈S≈≈#......
#≈S#≈≈#≈##...###..
≈≈≈≈≈ ....# ≈≈#
..#.#


You could see an electric eel.

Vanquished Creatures
  4 phantoms
  A scorpion (D:6)
  A water moccasin zombie (D:5)
  A water moccasin skeleton (D:6)
  2 jellies
  2 hounds
  A bullfrog skeleton (D:5)
  2 orc priests
  2 centaur skeletons
  An orc wizard (D:3)
  Natasha (thrice) (D:4)
  2 iguanas (D:5)
  A hound skeleton (D:4)
  A gnoll (D:4)
  6 adders
  An ufetubus (D:5)
  An adder skeleton (D:4)
  A worm (D:2)
  2 dart slugs
  20 orcs
  5 bats
  9 endoplasms
  7 giant cockroaches
  11 goblins
  6 hobgoblins
  5 jackals (D:1)
  5 quokkas
  8 ball pythons
  2 frilled lizards
  8 kobolds
  7 rats
128 creatures vanquished.

Notes
Turn   | Place    | Note
-------+----------+-------------------------------------------
     0 | D:1      | fragbeetle the Troll Berserker began the quest for the Orb.
     0 | D:1      | Reached XP level 1. HP: 22/22 MP: 0/0
    27 | D:1      | Found Zytod's General Store.
   108 | D:1      | Reached XP level 2. HP: 29/29 MP: 1/1
   179 | D:1      | Reached skill level 3 in Maces & Flails
   502 | D:1      | Reached XP level 3. HP: 36/36 MP: 2/2
   607 | D:1      | Reached ** piety under Trog
   799 | D:2      | Reached skill level 1 in Throwing
   973 | D:2      | Reached XP level 4. HP: 42/44 MP: 3/3
  1214 | D:1      | Bought a scroll of identify for 26 gold pieces
  1214 | D:1      | Bought a scroll of identify for 26 gold pieces
  1596 | D:3      | Found a faded altar of an unknown god.
  1644 | D:3      | Reached skill level 4 in Maces & Flails
  1644 | D:3      | Reached XP level 5. HP: 53/53 MP: 4/4
  1797 | D:3      | Noticed a phantom
  1805 | D:3      | Killed a phantom
  1973 | D:3      | Reached XP level 6. HP: 61/61 MP: 5/5
  1983 | D:3      | Found a runed translucent door.
  1987 | D:3      | Noticed ASSMAN's ghost (weakling DEDe)
  2115 | D:3      | Identified the ring of Epsicsos {Will++ AC+4}
  2612 | D:4      | Reached *** piety under Trog
  2633 | D:4      | Found an iron altar of Okawaru.
  3008 | D:4      | Found a hide-covered altar of Uskayaw.
  3008 | D:4      | Noticed Natasha
  3021 | D:4      | Killed Natasha
  3169 | D:4      | Noticed Natasha
  3176 | D:4      | Killed Natasha
  3211 | D:4      | Found an iron altar of Okawaru.
  3264 | D:4      | Noticed Natasha
  3271 | D:4      | Killed Natasha
  3272 | D:4      | Reached skill level 5 in Maces & Flails
  3310 | D:5      | Entered Level 5 of the Dungeon
  3363 | D:5      | Reached XP level 7. HP: 67/68 MP: 6/6
  3429 | D:5      | Found a staircase to the Ecumenical Temple.
  3464 | Temple   | Entered the Ecumenical Temple
  3806 | D:5      | Found a shimmering blue altar of Sif Muna.
  4082 | D:5      | Reached skill level 1 in Evocations
  4423 | D:6      | Reached skill level 6 in Maces & Flails
  4423 | D:6      | Reached XP level 8. HP: 78/78 MP: 7/7
  4557 | D:6      | Killed from afar by an electric eel

Illustrated notes

Levels and vault maps discovered:
D:1:      noname_arrival_rooms_in_the_neighbourhood, layout_basic, serial_shops,
          shop_statue
D:2:      layout_rooms, nrook_loot_triangle, grunt_ministairs_2,
          palyth_stone_intersect
D:3:      kb_forest_paths, layout_basic, ebering_ghost_inner_flame,
          basic_ecumenical_altar, grunt_decor_fettered
D:4:      layout_basic, eat_drink_and_be_merry_uskayaw,
          okawaru_altar_gauntlet_db, minmay_crystal_water, uniq_natasha
D:5:      layout_gridville, lemuel_crystal_altar, minmay_temple_entry_water_ring
D:6:      layout_loops_corners, minivault_4, kennysheep_another_room
Temple:   nicolae_temple_hex_pool

Skill      XL: |  1  2  3  4  5  6  7 |
---------------+----------------------+-----
Maces & Flails | 3 4 5 6 |  6.1
Throwing       | 1 2 |  2.6
Fighting       | 3 4 |  4.2
Dodging        | 3 4 |  4.2
Evocations     | 1 |  1.6

Action                   |  1- 3 |  4- 6 |  7- 9 || total
-------------------------+-------+-------+-------++-------
Melee: Mace              |   134 |    49 |       ||   183
       Flail             |       |   155 |    75 ||   230
       Hand axe          |       |       |     1 ||     1
Throw: Dart              |     2 |       |       ||     2
       Boomerang         |       |     3 |     9 ||    12
Invok: Berserk           |     2 |     4 |     2 ||     8
  Use: Scroll            |       |     4 |     2 ||     6
 Stab: Sleeping          |     1 |       |       ||     1
Armor: Animal skin       |    43 |    66 |    36 ||   145
Dodge: Dodged            |    84 |   104 |    45 ||   233

Table legend: (Time is in decaauts)
 A = Elapsed time spent in this place.
 B = Non-inter-level travel time spent in this place.
 C = Inter-level travel time spent in this place.
 D = Time resting spent in this place.
 E = Time spent auto-exploring this place.
 F = Levels seen in this place.
 G = Mean time per level.
                   A        B        C        D        E       F      G
               +--------+--------+--------+--------+--------+-----+--------+
         Total |   4714 |   4433 |    281 |    186 |   1569 |   7 |  673.4 |
       Dungeon |   4701 |   4420 |    281 |    186 |   1569 |   6 |  783.5 |
        Temple |     12 |     12 |      0 |      0 |      0 |   1 |   12.0 |
               +--------+--------+--------+--------+--------+-----+--------+

Top non-repeatable levels by time:
     D:3: 1087 daAuts
     D:5: 980 daAuts
     D:4: 907 daAuts
     D:1: 804 daAuts
     D:2: 639 daAuts
     D:6: 282 daAuts
  Temple: 12 daAuts
